Cogmind - Beta 13 @@@ ROGUE MODE // 2024.05.05 @ 10:58:30 Player: Leeroy Result: Destroyed by Y-45 Defender with Heavy Assault Rifle Performance ------------- Evolutions (1) 500 Regions Visited (2) 400 Robots Destroyed (14) 70 Value Destroyed (250) 250 Prototype IDs (1) 20 Alien Tech Used (0) 0 Bonus (0) 0 TOTAL SCORE: 1240 Bonus ------- None Cogmind --------- Core Integrity 0/400 Matter 253/300 Energy 124/125 System Corruption 1% Temperature Cool (2) Movement Flying (112) Ox1 Location -9/Materials Parts ------- > --- POWER (2) -------- Light Ion Engine > --- PROPULSION (2) --- Flight Unit Improved Flight Unit > --- UTILITY (2) ------ Terrain Scanner Terrain Scan Processor > --- WEAPON (3) ------- Assault Rifle Heavy Assault Rifle Heavy Hammer > --- INVENTORY (5) ---- Flight Unit Medium Battery (150) Light Armor Plating Peak State ------------ > --- POWER ------------ Light Ion Engine > --- PROPULSION ------- Flight Unit Improved Flight Unit > --- UTILITY ---------- Terrain Scanner Terrain Scan Processor > --- WEAPON ----------- Assault Rifle Heavy Assault Rifle Heavy Hammer > --- INVENTORY -------- Flight Unit Medium Battery Light Armor Plating [Rating: 13] Favorites ----------- Power Light Ion Engine Engine Light Ion Engine Propulsion Wheel Wheel Wheel Flight Unit Improved Flight Unit Utility Seismic Detector Device Seismic Detector Storage Small Storage Unit Processor Terrain Scan Processor Weapon Small Laser Energy Gun Small Laser Ballistic Gun Light Assault Rifle Impact Weapon Heavy Hammer Build | -11 -10 -9 ------- Run | Yrd Mat Mat Slots Evolved 2 | . . 2 Power 1 | . . 1 Propulsion . | . . . Utility . | . . . Weapon 1 | . . 1 Parts Attached 25 | 6 2 17 Power 4 | 1 1 2 Engine 4 | 1 1 2 Core . | . . . Reactor . | . . . Propulsion 5 | 2 . 3 Treads . | . . . Leg . | . . . Wheel 2 | 2 . . Hover . | . . . Flight 3 | . . 3 Utility 4 | 1 1 2 Device 2 | 1 . 1 Storage 1 | . 1 . Processor 1 | . . 1 Hackware . | . . . Protection . | . . . Artifact . | . . . Weapon 12 | 2 . 10 Energy Gun 7 | 2 . 5 Energy Cannon . | . . . Ballistic Gun 4 | . . 4 Ballistic Cannon . | . . . Launcher . | . . . Special Weapon . | . . . Impact Weapon 1 | . . 1 Slashing Weapon . | . . . Piercing Weapon . | . . . Special Melee Weapon . | . . . Unidentified Prototypes 1 | . . 1 Corrupted Parts 1 | . . 1 System Corruption 1 | . . 1 Parts Lost 17 | . 1 16 Power 3 | . 1 2 Propulsion 3 | . . 3 Utility 2 | . . 2 Weapon 9 | . . 9 Highest Loss Streak 7 | . 1 7 To Critical Strikes 1 | . . 1 Average Slot Usage (%) 74 | . 94 62 Engine 9 | . 12 7 Wheel 11 | . 28 1 Flight 8 | . . 13 Device 11 | . 14 10 Storage 6 | . 10 4 Processor 3 | . . 5 Energy Gun 14 | . 28 6 Ballistic Gun 6 | . . 10 Impact Weapon 1 | . . 2 Naked Turns . | . . . Heaviest Build 12 | 6 11 12 Greatest Support 20 | 20 20 20 Greatest Overweight (x) 2 | . . 2 Average Overweight (x) . | . . . Largest Inventory Capacity 8 | 5 8 8 Average Capacity 6 | 5 7 6 Most Carried 3 | . 1 3 Average Carried . | . . 1 Final Capacity 8 | 5 8 5 Final Carried 3 | . 1 3 Class Distribution -------------------- 62% | Mutant 22% | Scavenger-Skirmisher 14% | Scavenger-Mutant Dominant Class ---------------- Mutant | -10/Materials Scavenger-Skirmisher | -9/Materials Resources | -11 -10 -9 ----------- Run | Yrd Mat Mat Matter Collected 369 | 260 5 104 Remotely . | . . . Salvage Created 363 | 66 63 234 Parts 33 | 6 5 22 Haulers Intercepted . | . . . Recyclers Shooed . | . . . Parts Field Recycled . | . . . Retrieved Matter . | . . . Parts Self-Destructed . | . . . Prevented . | . . . Kills | -11 -10 -9 ------- Run | Yrd Mat Mat Combat Hostiles Destroyed 12 | 1 3 8 Melee 1 | . . 1 Guns 10 | 1 3 6 AOE 1 | . . 1 Classes Destroyed 5 | 2 1 2 Builder 1 | . . 1 Tunneler 1 | 1 . . Swarmer 8 | . 2 6 Grunt 2 | 1 1 . Sentry 2 | . . 2 Best Kill Streak 4 | 2 2 4 Combat Bots Only 2 | 1 2 2 Max Kills in Single Turn 2 | 1 2 1 Gunslinging 1 | . 1 . Exploded 1 | . . 1 Melee 1 | . . 1 Uniques/NPCs Destroyed . | . . . Combat | -11 -10 -9 -------- Run | Yrd Mat Mat Hostile Shots Fired 225 | 2 49 174 Missed 81 | 1 17 63 Damage Taken 1473 | 12 277 1184 Core 472 | 12 59 401 Absorbed by Shields . | . . . Core Remaining (%) 83 | 95 71 . Volleys Fired 40 | 3 11 26 Largest 3 | 2 2 3 Hottest 90 | 80 80 90 Shots Fired 78 | 6 22 50 Gun 78 | 6 22 50 Cannon . | . . . Launcher . | . . . Special . | . . . Kinetic 28 | . . 28 Thermal 35 | 6 22 7 Explosive . | . . . Electromagnetic 15 | . . 15 Robot Hit Streak 7 | 3 6 7 Robot Miss Streak 3 | . 3 2 Penetration Max . | . . . Secondary Targets 4 | . 1 3 Max Gunslinging Chain 1 | . 1 1 Shots Hit Robots 49 | 3 15 31 Core Hits 19 | 3 4 12 Critical Kills . | . . . Critical Parts Destroyed . | . . . Critical Strikes 1 | . . 1 Corrupt 1 | . . 1 Melee Attacks 4 | . . 4 Impact 4 | . . 4 Slashing . | . . . Piercing . | . . . Sneak Attacks . | . . . Combat Hostiles . | . . . Follow-up Attacks . | . . . Damage Inflicted 687 | 34 169 484 Guns 504 | 34 166 304 Cannons . | . . . Explosions 36 | . . 36 Melee 144 | . . 144 Ramming 3 | . 3 . Kinetic 132 | . . 132 Thermal 279 | 34 166 79 Explosive . | . . . Electromagnetic 129 | . . 129 Impact 144 | . . 144 Slashing . | . . . Piercing . | . . . Highest Corruption 1 | . . 1 Average Corruption 1 | . . 1 Corruption Purged . | . . . Corruption Blocked . | . . . Overload Shots . | . . . Overflow Damage . | . . . Projectiles . | . . . Explosions . | . . . Melee . | . . . Knockbacks . | . . . Impact . | . . . Kinetic . | . . . Secondary . | . . . Self-Inflicted Damage 34 | . 1 33 Shots 1 | . . 1 Rammed 2 | . 1 1 Targets Rammed 2 | . 1 1 Kicked . | . . . Crushed . | . . . Highest Temperature 150 | 54 126 150 Average Temperature 43 | 28 40 49 Received Heat Transfer 258 | 6 42 210 Siege Activations . | . . . Robots Corrupted . | . . . Combat Hostiles . | . . . Parts Fried 1 | . . 1 Impact Corruptions . | . . . Robots Melted . | . . . Combat Hostiles . | . . . Parts Melted . | . . . Heat Transferred 550 | 75 375 100 Parts Sabotaged . | . . . Parts Stolen . | . . . Parts Stripped . | . . . Power Chain Reactions 1 | . . 1 Alert | -11 -10 -9 ------- Run | Yrd Mat Mat Peak Influence 229 | 25 101 229 Initial 42 | . 16 42 Average 72 | 4 72 89 Maximum Alert Level 1 | . . 1 Low Security (%) 98 | 100 100 96 Level 1 1 | . . 3 Level 2 . | . . . Level 3 . | . . . Level 4 . | . . . Level 5 . | . . . High Security . | . . . Max Security . | . . . Squads Dispatched 1 | . 1 . Investigation . | . . . Extermination . | . . . Reinforcement 1 | . 1 . Assault . | . . . Garrison . | . . . Intercept . | . . . Searches Triggered . | . . . Construction Impeded . | . . . Haulers Reinforced . | . . . Active Scanning Responses . | . . . Cargo Convoy Interrupts . | . . . Stealth | -11 -10 -9 --------- Run | Yrd Mat Mat Distress Signals 1 | . 1 . Communications Jammed . | . . . Distress Signals . | . . . Times Spotted 26 | 1 8 17 Peak Tracking Total 4 | 1 4 4 Tactical Retreats 2 | . . 2 Traps | -11 -10 -9 ------- Run | Yrd Mat Mat Traps Triggered . | . . . Indirectly . | . . . Trap Hack Attempts . | . . . Triggered . | . . . Disarmed . | . . . Reprogrammed . | . . . Reused . | . . . Traps Extracted . | . . . Installed . | . . . Triggered . | . . . Machines | -11 -10 -9 ---------- Run | Yrd Mat Mat Machines Disabled . | . . . Max in Single Turn . | . . . Machines Repaired . | . . . Machines Dismantled . | . . . Machines Sabotaged . | . . . Overloaded Fab Kills . | . . . Hacking | -11 -10 -9 --------- Run | Yrd Mat Mat Machines Accessed . | . . . Terminals . | . . . Fabricators . | . . . Repair Stations . | . . . Recycling Units . | . . . Scanalyzers . | . . . Garrison Access . | . . . Total Hacks . | . . . Successful . | . . . Failed . | . . . Catastrophic . | . . . Database Lockouts . | . . . Manual . | . . . Terminals . | . . . Fabricators . | . . . Repair Stations . | . . . Recycling Units . | . . . Scanalyzers . | . . . Garrison Access . | . . . Terminal Hacks . | . . . Fabricator Hacks . | . . . Repair Station Hacks . | . . . Recycling Unit Hacks . | . . . Scanalyzer . | . . . Garrison Access Hacks . | . . . Unauthorized Hacks . | . . . Terminals . | . . . Fabricators . | . . . Repair Stations . | . . . Recycling Units . | . . . Scanalyzers . | . . . Garrison Access . | . . . Data Cores Recovered . | . . . Used . | . . . Hacking Detections . | . . . Full Trace Events . | . . . Feedback Events . | . . . Feedback Blocked . | . . . Robot Schematics Acquired . | . . . Robots Built . | . . . Authchips . | . . . Time . | . . . Total Robot Build Rating . | . . . Part Schematics Acquired . | . . . Parts Built . | . . . Authchips . | . . . Time . | . . . Total Part Build Rating . | . . . Parts Repaired . | . . . Time . | . . . Parts Recycled . | . . . Recycled Matter . | . . . Retrieved Matter . | . . . Retrieved Components . | . . . Parts Scanalyzed . | . . . Part Schematics Acquired . | . . . Parts Damaged . | . . . Bothacking | -11 -10 -9 ------------ Run | Yrd Mat Mat Used RIF Installer . | . . . Robots Hacked . | . . . Non-combat . | . . . Combat . | . . . Robot Hacks Applied . | . . . Relay Couplers Released . | . . . Fabnet Peak Effective % . | . . . Robots Rewired . | . . . Allies Hacked . | . . . Hacks Repelled . | . . . Allies | -11 -10 -9 -------- Run | Yrd Mat Mat Total Allies . | . . . Largest Group . | . . . Highest-Rated Group . | . . . Highest-Rated Ally . | . . . Total Orders . | . . . Ally Attacks . | . . . Total Damage . | . . . Kills . | . . . Allies Corrupted . | . . . Allies Melted . | . . . Intel | -11 -10 -9 ------- Run | Yrd Mat Mat Robot Analysis Total . | . . . Derelict Logs Recovered . | . . . Drone Launches . | . . . Drone Recoveries . | . . . Exploration | -11 -10 -9 ------------- Run | Yrd Mat Mat Turns Passed 542 | 74 177 291 Spaces Moved 471 | 77 172 222 Core 25 | 17 . 8 Treads . | . . . Legs . | . . . Wheels 254 | 60 172 22 Hover . | . . . Flight 192 | . . 192 Fastest Speed 37 | 50 80 37 Average Speed 79 | 73 80 80 Slowest Speed 180 | 80 80 180 Overloaded Moves . | . . . Propulsion Burnouts . | . . . Robots Hopped 1 | . . 1 Cave-ins Triggered . | . . . Exploration Rate (%) 21 | 6 29 30 Regions Visited 2 Branch Regions . Pre-discovered Areas . | . . . Known Exits Taken . | . . . Unknown Exits Taken 2 | 1 1 . Scrap Searched . | . . . Spaces Dug . | . . . Terrain Destroyed 3 | . . 3 Melee . | . . . Projectile . | . . . AOE 3 | . . 3 Terrain Rammed . | . . . Walls Destroyed . | . . . Machines Disabled . | . . . Actions | -11 -10 -9 --------- Run | Yrd Mat Mat Total 552 | 85 188 279 Wait 8 | . 2 6 Move 467 | 76 171 220 Hop 1 | . . 1 Pick Up 5 | . 1 4 Fast Attach 23 | 6 2 15 Attach 2 | . . 2 Detach . | . . . Swap . | . . . Drop . | . . . Fire 40 | 3 11 26 Melee 4 | . . 4 Ram 2 | . 1 1 Kick . | . . . Crush . | . . . Escape Stasis . | . . . Rewire . | . . . Trap . | . . . Miscellaneous . | . . . Route ------- -11/Scrapyard -10/Materials -9/Materials (discovered 1 exit: [Min]) History --------- Turn | Location | Event 2 | -11/Scrapyard | Met Revision 17 53 | -11/Scrapyard | Discovered new exit (range 8) 75 | -11/Scrapyard | Entered Materials 203 | -10/Materials | Discovered new exit (range 12) 252 | -10/Materials | Entered another Materials area 252 | -9/Materials | Evolved 2 slots: Power x1, Weapon x1 332 | -9/Materials | Build established: Mutant 353 | -9/Materials | Lost 7 parts (1p3n3w) 365 | -9/Materials | Core integrity fell below 50% 408 | -9/Materials | Lost 5 parts (2u3w) 468 | -9/Materials | Core integrity fell below 20% 479 | -9/Materials | Discovered new exit (range 10) 523 | -9/Materials | Lost 4 parts (1p3w) 543 | -9/Materials | Destroyed by Y-45 Defender with Heavy Assault Rifle Last Messages --------------- K-01 Serf collects debris. Lgt. Assault Rifle destroyed. K-01 Serf collects debris. S-10 Pest destroyed. Acquired 9 matter. K-01 Serf collects debris. EXIT=FOUND Acquired Lgt. Ion Engine. Acquired Flight Unit. Acquired Hvy. Hammer. Bump into an enemy to attack with the active melee weapon. Even while active, melee weapons do not fire together with ranged weapons in the same volley. Lgt. Assault Rifle destroyed. Y-45 Defender destroyed. Acquired Hvy. Assault Rifle. Acquired Assault Rifle. S-10 Pest destroyed. Switching to secondary target: Y-45 Defender. Map ----- +----------------------------------------------------+ | ?????????????????"?#? # "" ##?#????????? | | ??????????????????????? # #?#?????????? | | ????????????????#?##????# # """" ##??????????? | | ?????????????????#???#??# # """" #???????????? | | ?????????????##????##?### + """" #???????????? | | ?????????????############ # #?#????#????? | | ????????? ???# ## ##########???????????? | | ????????? ???# """ # #??#????????????????? | | ????????????## """ """ # #???##???#??????????? | | ?????????? ??# "S """ + #??????#??????????#?? | | ??????? #????# """ """ # %! #??###??????????????? | | ?????????????# "" # = #?##??#???#?????????? | | ?????????????# #######??###???#?#????????? | | ????????? ???# ! ####????????#?????????????? | | ???? ?? ?????####+########????#?#?????#??????????? | | ????????? ?##??# ##???#?##??##???????????? | | ??????????????### """ #????#??#???????????????? | | ????? ???????## """ ##??#???????????????????? | | ??????????????### """ ###?#???#???????????????? | | ???????????????## ##?###??#???????????????? | | ?????????????#??# """ ##?##???#???????????????? | | ?????? ?? ??????# """ #???##??????????????????? | | ????????????#??## """ #???#?##????????????????? | | ???????#? ??????# ##?##???????????????????? | | ?????????????########+##############?????????????? | | ???? ? @%* u ????????? | | ?????? Y = u ????????? | | ?????? w ????????? | | ??????## ######################+####?????????? | | ???????###?##?#???????#??????????????????????????? | | ??????? ????????????#??????????? ????????????????? | | ??????????????????????????????#??????????????????? | | ?????????? ? ????###???#????????????????????????? | | ????????????????????????#??#?????????????????????? | | ?????????????? ???????????????#??????????????????? | | ??????????????????????##?????????????????????????? | | ?????????????????????????????????????????????????? | | ??????????????????????#?????#????????????????????? | | ?????????????????????????????????????????????????? | | | | | | | | | | | | | | | | | | | | | | | +----------------------------------------------------+ Best States ------------- Heat Dissipation 28 Energy Generation 10 Energy Capacity 125 Matter Stores 300 Matter Capacity 300 Sight Range 16 Terrain Scan Range 14 Terrain Scan Density 85 Evasion (%) 62 Item Schematics ----------------- None Robot Schematics ------------------ None Fabricated ------------ Nothing Alien Tech Used ----------------- None Achievements -------------- Risk Taker Challenges ------------ None Game ------ Seed MomentumChromaticPlatform Manual? 0 Play Time 00:08:26 Cumulative 0.4 hours Start 2024.05.05 @ 10:50:53 End 2024.05.05 @ 10:58:30 Sessions 1 Manual Loads 0 Difficulty Rogue Special Mode None Game No. 3 Rogue 3 Adventurer 0 Explorer 0 Win Type - Total 0 Types 0/0/0/0/0/0/0/0/0 Lore% 0 Gallery% 2 Achievement% 1 Wizard Run 0 Options --------- Layout 1 ASCII 0 Keyboard 0 Movement Mouse Keybinds 0 Fullscreen 2 Font 32/SmallcapsGlow Map View 50x35 Zoom Use 0% Tactical HUD 0 Map Filters NONE Filters NONE Steam 1 RUN: ddc6ca56-9e52-4295-a6ab-bc21d427a617